 Dungeon Crawl Stone Soup version 0.28.0 (webtiles) character file.

Game seed: 8398002974990668501

5519 browni3141 the Cleaver (level 10, -8/91 HPs)
             Began as a Minotaur Berserker on Feb 17, 2022.
             Was a Priest of Trog.
             Mangled by a cyan ugly thing (13 damage)
             ... on level 9 of the Dungeon.
             The game lasted 00:04:52 (8914 turns).

browni3141 the Cleaver (Minotaur Berserker)         Turns: 8914, Time: 00:04:52

Health: -8/91      AC: 21    Str: 31    XL:     10   Next: 43%
Magic:  0/9        EV:  7    Int:  4    God:    Trog [***...]
Gold:   485        SH:  9    Dex: 11    Spells: 9/9 levels left

rFire   . . .      SeeInvis .   e - +0 war axe
rCold   . . .      Faith    .   F - +0 kite shield {AC+3}
rNeg    . . .      Spirit   +   C - +0 plate armour
rPois   .          Reflect  .   (helmet restricted)
rElec   .          Harm     .   K - +0 cloak
rCorr   .          Rampage  .   h - +0 pair of gloves
Will    ++...                   u - +0 pair of boots
Stlth   ..........              G - amulet of guardian spirit
HPRegen 1.25/turn               S - +6 ring of strength
MPRegen 0.11/turn               (no ring)

@: strong-willed, on berserk cooldown, regenerating, slowed, very slow
A: horns 2, retaliatory headbutt
a: Renounce Religion, Berserk, Trog's Hand


You were on level 9 of the Dungeon.
You worshipped Trog.
Trog was most pleased with you.
You visited 1 branch of the dungeon, and saw 9 of its levels.

You collected 548 gold pieces.
You spent 63 gold pieces at shops.


Innate Abilities, Weirdness & Mutations

You have a pair of horns on your head.
You reflexively headbutt those who attack you in melee.


   Skills:
 + Level 9.4 Fighting
 * Level 12.6 Axes
 + Level 8.9 Armour
 - Level 2.3 Dodging
 * Level 7.1 Shields


You had 9 spell levels left.
You didn't know any spells.
Your spell library was empty.

Inventory:

Hand Weapons
 a - a +0 hand axe
 e - a +0 war axe (weapon)
 E - a +0 flail
Missiles
 D - a throwing net (quivered)
Armour
 b - a +0 animal skin
 h - a +0 pair of gloves (worn)
 s - the +1 leather armour of the Journeyman {Str+6}
   (You found it on level 4 of the Dungeon)

   Str:       It affects your strength (+6).
 u - a +0 pair of boots (worn)
 C - a +0 plate armour (worn)
 F - a +0 kite shield of protection (worn)
 K - a +0 cloak (worn)
Jewellery
 G - an amulet of guardian spirit (around neck)
 S - a +6 ring of strength (left hand)
Wands
 y - a wand of digging (5)
Scrolls
 c - a scroll of enchant armour {unknown}
 f - 4 scrolls of enchant weapon {unknown}
 g - 3 scrolls of immolation {!r}
 i - a scroll of torment {unknown}
 j - 2 scrolls of blinking {unknown}
 m - 3 scrolls of acquirement {unknown}
 n - 5 scrolls of identify {unknown}
 p - 6 scrolls of teleportation {unknown}
 q - a scroll of magic mapping {unknown}
 v - 2 scrolls of fear {unknown}
 w - 2 scrolls of fog {unknown}
 A - a scroll of amnesia {unknown}
Potions
 d - 2 potions of haste {unknown}
 k - a potion of brilliance {unknown}
 l - 2 potions of degeneration {unknown}
 o - a potion of lignification {unknown}
 r - 6 potions of curing {unknown}
 t - 3 potions of might {unknown}
 x - a potion of mutation {unknown}
 z - a potion of cancellation {unknown}
 B - 3 potions of heal wounds {unknown}
 I - a potion of magic {unknown}
 J - 2 potions of attraction {unknown}
 L - a potion of flight {unknown}

Dungeon Overview and Level Annotations

Branches:
Dungeon (9/15)             Temple (0/1) D:4
   Lair: D:8-11         Orc: D:9-12

Altars:
Ashenzari
Cheibriados
Fedhas
Gozag
Nemelex Xobeh
Okawaru
Qazlal
Trog
Uskayaw
Zin
The Shining One
Beogh

Shops:
D:2 =[   D:8 *(

Annotations:
D:3 exclusion: oklob plant

#. ........¦ #.###.......¦
#............. .g#.........¦
#$###.#.........¦
#..)o)#.o......>¦
#.ouco......¦ #[###u......¦
#...@yF.....¦
#.....#........¦ #.###
#........¦ ...#....(...¦
..#...........+
.###.#...........¦¦¦¦¦¦+¦¦
#.....#...................¦ .
..#.......................
.###.#.......................


You could see a cyan ugly thing (corroded), a hornet, 2 orc warriors and a
bullfrog.


Message History

* * * LOW HITPOINT WARNING * * *
Your skin crawls.
You feel strong-willed. You block the bullfrog's attack.
Aiming: Corrosive Bolt
Press: ? - help, Shift-Dir - straight line, f - centaur warrior
Aim: a centaur warrior, wielding a +0 longbow and quivering arrows (79% to hit)
The bolt of acid hits the cyan ugly thing!
The acid corrodes the cyan ugly thing!
The cyan ugly thing is severely wounded.
The bolt of acid hits the bullfrog!
The bullfrog is heavily wounded.
The bolt of acid hits the centaur warrior!
The centaur warrior is moderately wounded.
You block the cyan ugly thing's attack.
Unknown command.
Aiming: Corrosive Bolt
Press: ? - help, Shift-Dir - straight line, f/p - centaur warrior
Aim: a centaur warrior, wielding a +0 longbow and quivering arrows (moderately wounded, 79% to hit)
The bolt of acid hits the cyan ugly thing!!
The cyan ugly thing seems to be corroded for longer.
The cyan ugly thing is almost dead.
The bolt of acid hits the centaur warrior!
The acid corrodes the centaur warrior!
The centaur warrior is heavily wounded.
The now-empty wand crumbles to dust.
You block the hornet's attack. The cyan ugly thing gores you!
* * * LOW HITPOINT WARNING * * *
The cyan ugly thing shocks you!
You die...

Skill      XL: |  1  2  3  4  5  6  7  8  9 10 |
---------------+-------------------------------+-----
Axes           | 4 5 6 7 8 10 12 | 12.6
Fighting       | 4 5 6 7 8 9 |  9.4
Armour         | 3 4 5 7 8 |  8.9
Shields        | 5 7 |  7.1
Dodging        | |  2.3

Action                   |  1- 3 |  4- 6 |  7- 9 | 10-12 || total
-------------------------+-------+-------+-------+-------++-------
Melee: Hand axe          |    30 |       |       |       ||    30
       Headbutt          |     7 |     8 |    34 |     9 ||    58
       War axe           |    22 |    78 |   173 |    46 ||   319
       Punch             |     1 |     1 |     1 |       ||     3
Invok: Berserk           |     1 |     2 |     6 |     1 ||    10
       Trog's Hand       |       |     1 |     1 |     1 ||     3
Evoke: Wand              |       |    15 |       |     2 ||    17
 Stab: Sleeping          |     3 |       |     1 |       ||     4
Armor: Animal skin       |    13 |    21 |       |       ||    34
       Leather armour    |       |       |    18 |       ||    18
       Plate armour      |       |       |    60 |    24 ||    84
Dodge: Dodged            |    29 |    47 |    96 |    17 ||   189
Block: Kite shield       |       |       |    25 |    32 ||    57

Levels and vault maps discovered:
D:1:      saegor_arrival_simple_e, layout_rooms,
          hellmonk_ecumenical_altar_defaced_shrine, minmay_misc_feat_rugged,
          minmay_cut_off
D:2:      layout_basic, serial_shops, nicolae_shop_stone, nicolae_shop_trees,
          grunt_ministairs_11
D:3:      gammafunk_wand_slinger, layout_loops_ring, tgw_fedhas
D:4:      kennysheep_slugbush, layout_loops_ring,
          gammafunk_temple_overflow_forgotten, minmay_temple_entry_proselytizer,
          minmay_fractal_squares_diagonal_5, uniq_menkaure, uniq_duvessa
D:5:      layout_gridville, overflow_temple_1_default, amcnicky_altar_gilded
D:6:      layout_loops_ring, lightli_temple_of_fire, ebering_ghost_inner_flame
D:7:      layout_cave_pools, mainiacjoe_overflow_tiny_flanked,
          mainiacjoe_overflow_paths
D:8:      layout_basic, mainiacjoe_overflow_boulevard, lemuel_tele_altar,
          serial_shops, nicolae_shop_statue_plus,
          nicolae_shop_sticking_my_neck_out, uniq_psyche
D:9:      hangedman_cross_stitches, layout_irregular_city, elyvilon_altar_4,
          minmay_the_grid_2x2 [minmay_the_grid_minigrid_small,
          minmay_the_grid_eight, minmay_the_grid_large_cup,
          minmay_the_grid_prize_shrinking_boxes]

Notes
Turn   | Place    | Note
-------+----------+-------------------------------------------
     0 | D:1      | browni3141 the Minotaur Berserker began the quest for the
                  | Orb.
     0 | D:1      | Reached XP level 1. HP: 19/19 MP: 0/0
   194 | D:1      | Reached XP level 2. HP: 27/27 MP: 1/1
   213 | D:1      | Reached skill level 4 in Axes
   349 | D:1      | Reached skill level 4 in Fighting
   690 | D:1      | Reached skill level 3 in Armour
   690 | D:1      | Reached XP level 3. HP: 30/33 MP: 2/2
   739 | D:1      | Found a faded altar of an unknown god.
   882 | D:2      | Found Icejeug's Antique Armour Emporium.
   907 | D:2      | Reached ** piety under Trog
   925 | D:2      | Reached XP level 4. HP: 22/40 MP: 3/3
   925 | D:2      | Found Lofoarog's Jewellery Emporium.
   927 | D:2      | Reached skill level 5 in Axes
  1707 | D:3      | Found a transporter.
  1726 | D:3      | Found a transporter.
  1895 | D:3      | Noticed an ogre
  1899 | D:3      | Killed an ogre
  1900 | D:3      | Reached XP level 5. HP: 29/47 MP: 4/4
  2064 | D:3      | Reached skill level 4 in Armour
  2154 | D:3      | Found a blossoming altar of Fedhas.
  2168 | D:3      | Noticed an oklob plant
  2547 | D:3      | Reached skill level 6 in Axes
  2555 | D:3      | HP: 1/47 [orc priest/nerve-wracking pain (9)]
  3046 | D:4      | Noticed Duvessa
  3046 | D:4      | Noticed Dowan
  3051 | D:4      | Killed Dowan
  3052 | D:4      | Reached skill level 5 in Fighting
  3056 | D:4      | Killed Duvessa
  3057 | D:4      | Reached XP level 6. HP: 18/56 MP: 5/5
  3437 | D:4      | Found a glowing silver altar of Zin.
  3437 | D:4      | Found a glowing golden altar of the Shining One.
  3437 | D:4      | Found an opulent altar of Gozag.
  3508 | D:4      | Reached skill level 7 in Axes
  3512 | D:4      | Reached XP level 7. HP: 10/62 MP: 6/6
  3791 | D:4      | Identified the +1 leather armour of the Journeyman {Str+6}
  3887 | D:4      | Reached skill level 5 in Armour
  4159 | D:4      | Noticed Menkaure
  4165 | D:4      | Reached skill level 6 in Fighting
  4166 | D:4      | Reached skill level 8 in Axes
  4167 | D:4      | Killed Menkaure
  4775 | D:4      | Found a staircase to the Ecumenical Temple.
  5018 | D:5      | Entered Level 5 of the Dungeon
  5058 | D:5      | Reached XP level 8. HP: 63/71 MP: 7/7
  5195 | D:5      | Reached skill level 6 in Armour
  5287 | D:5      | Found a broken altar of Ashenzari.
  5331 | D:5      | Reached skill level 9 in Axes
  5387 | D:5      | Reached *** piety under Trog
  5535 | D:5      | Reached skill level 7 in Fighting
  5656 | D:5      | Found a stormy altar of Qazlal.
  6293 | D:6      | Reached skill level 10 in Axes
  6417 | D:6      | Reached skill level 7 in Armour
  6654 | D:6      | Found a runed translucent door.
  6654 | D:6      | Noticed a two-headed ogre
  6654 | D:6      | Noticed browni3141's ghost (novice MiBe)
  6872 | D:6      | Reached XP level 9. HP: 81/81 MP: 8/8
  7168 | D:6      | Found a bloodstained altar of Trog.
  7291 | D:6      | Killed browni3141's ghost
  7292 | D:6      | Reached skill level 8 in Fighting
  7292 | D:6      | Reached skill level 2 in Shields
  7295 | D:6      | Killed a two-headed ogre
  7296 | D:6      | Reached skill level 11 in Axes
  7296 | D:6      | Reached skill level 8 in Armour
  7296 | D:6      | Reached skill level 4 in Shields
  7405 | D:7      | Noticed a gargoyle
  7410 | D:7      | Killed a gargoyle
  7473 | D:7      | Reached skill level 5 in Shields
  7810 | D:7      | Found a hide-covered altar of Uskayaw.
  7863 | D:7      | Found a snail-covered altar of Cheibriados.
  8022 | D:8      | Found Pasulos's Weapon Emporium.
  8031 | D:8      | Noticed Psyche
  8034 | D:8      | Found Sukylud's Neck Hole.
  8042 | D:8      | Killed Psyche
  8043 | D:8      | Reached skill level 12 in Axes
  8043 | D:8      | Reached XP level 10. HP: 90/90 MP: 9/9
  8203 | D:8      | Bought a +0 cloak for 63 gold pieces
  8239 | D:8      | Reached skill level 9 in Fighting
  8248 | D:8      | Reached skill level 6 in Shields
  8502 | D:8      | Found an iron altar of Okawaru.
  8527 | D:8      | Found a sparkling altar of Nemelex Xobeh.
  8889 | D:9      | Noticed a two-headed ogre
  8895 | D:9      | Noticed a cyan ugly thing
  8896 | D:9      | Killed a two-headed ogre
  8897 | D:9      | Noticed a centaur warrior
  8902 | D:9      | Reached skill level 7 in Shields
  8911 | D:9      | HP: 6/91 [bullfrog (5)]
  8914 | D:9      | Mangled by a cyan ugly thing

Vanquished Creatures
  2 two-headed ogres
  The ghost of browni3141 the Skirmisher, a novice MiBe of Trog (D:6)
  A gargoyle (D:7)
  Psyche (D:8)
  A troll (D:9)
  A vampire (D:6)
  2 steam dragons
  A wyvern (D:9)
  Menkaure (D:4)
  Duvessa (D:4)
  3 orc warriors
  An ice beast (D:5)
  2 ogres
  3 centaurs
  A phantom (D:5)
  A gnoll sergeant (D:6)
  3 scorpions
  2 bullfrogs
  Dowan (D:4)
  5 wights (D:4)
  2 howler monkeys
  A bullfrog zombie (D:4)
  A centaur zombie (D:7)
  4 hounds
  2 jellies
  4 orc priests
  A centaur skeleton (D:7)
  2 iguanas (D:5)
  2 orc wizards (D:6)
  A hound skeleton (D:4)
  A howler monkey zombie (D:9)
  14 gnolls
  6 adders
  A howler monkey skeleton (D:7)
  3 shadow imps
  A white imp (D:6)
  An ufetubus (D:4)
  2 worms
  12 dart slugs (D:4)
  17 orcs
  7 endoplasms
  6 giant cockroaches
  8 goblins
  3 hobgoblins (D:4)
  6 kobolds
  2 quokkas
  6 ball pythons
  3 bats
  6 frilled lizards
  9 rats
168 creatures vanquished.

Vanquished Creatures (others)
  A quokka (D:9)
  4 plants
5 creatures vanquished.

Grand Total: 173 creatures vanquished

Table legend: (Time is in decaauts)
 A = Elapsed time spent in this place.
 B = Non-inter-level travel time spent in this place.
 C = Inter-level travel time spent in this place.
 D = Time resting spent in this place.
 E = Time spent auto-exploring this place.
 F = Levels seen in this place.
 G = Mean time per level.
                   A        B        C        D        E       F      G
               +--------+--------+--------+--------+--------+-----+--------+
         Total |   9064 |   8889 |    175 |   1739 |   5943 |   9 | 1007.1 |
       Dungeon |   9064 |   8889 |    175 |   1739 |   5943 |   9 | 1007.1 |
               +--------+--------+--------+--------+--------+-----+--------+

Top non-repeatable levels by time:
     D:4: 1807 daAuts
     D:3: 1583 daAuts
     D:6: 1448 daAuts
     D:5: 971 daAuts
     D:2: 936 daAuts
     D:1: 792 daAuts
     D:8: 660 daAuts
     D:7: 630 daAuts
     D:9: 232 daAuts

Table legend:
 A = Non-vault XP
 B = Vault XP
 C = Vault XP percentage of total XP
 D = Non-vault monster count
 E = Vault monster count
 F = Vault count percentage of total count
                 A         B        C        D         E       F
            +---------+---------+-------+---------+---------+-------
      Total |    3888 |    3997 |  50.7 |     130 |      38 |  22.6
            +---------+---------+-------+---------+---------+-------
        D:1 |      21 |      23 |  52.3 |      14 |       5 |  26.3
        D:2 |      85 |       2 |   2.3 |      22 |       2 |   8.3
        D:3 |     156 |      23 |  12.8 |      15 |       2 |  11.8
        D:4 |     440 |     603 |  57.8 |      20 |      20 |  50.0
        D:5 |     573 |       0 |   0.0 |      12 |       0 |   0.0
        D:6 |     890 |    1477 |  62.4 |      21 |       2 |   8.7
        D:7 |    1073 |       0 |   0.0 |      17 |       0 |   0.0
        D:8 |     470 |     371 |  44.1 |       5 |       1 |  16.7
        D:9 |     180 |    1498 |  89.3 |       4 |       6 |  60.0
            +---------+---------+-------+---------+---------+-------
